TOP OF THE 1ST |
Butler White Sox batting - Pitching for Intercourse Amish : RHP Duane Deal
|
Pitching: RHP Duane Deal
|
|
Batting: RHB Luis Fuentes
|
0-0: Called Strike 0-1: Foul Ball, location: 2F 0-2: Foul Ball, location: 2F 0-2: Strikes out looking
|
Batting: LHB Sam Haynes
|
0-0: Ball 1-0: Swinging Strike 1-1: Swinging Strike 1-2: Ball 2-2: Strikes out swinging
|
Batting: SHB Ben Marks
|
0-0: Fly out, F5 (Line Drive, 56)
|
Top of the 1st over - 0 runs, 0 hits, 0 errors, 0 left on base; Butler 0 - Intercourse 0 |
BOTTOM OF THE 1ST |
Intercourse Amish batting - Pitching for Butler White Sox : RHP Scott King
|
Pitching: RHP Scott King
|
|
Batting: LHB Carlos De La Rosa
|
0-0: Ball 1-0: Swinging Strike 1-1: Ball 2-1: Ball 3-1: SINGLE (Line Drive, 5D)
|
Batting: RHB Holden Davis
|
0-0: Ball Carlos De La Rosa steals 2nd base 1-0: Ball 2-0: Foul Ball, location: 2F 2-1: Ball 3-1: SINGLE (Flyball, 89S) Carlos De La Rosa to third Runner from 3rd tries for Home, SAFE, no throw
|
Batting: RHB Júlio Serra
|
0-0: Called Strike 0-1: Called Strike 0-2: Ball 1-2: Ball 2-2: SINGLE (Groundball, 34) (infield hit) Holden Davis to second
|
Batting: LHB Bruce Foster
|
0-0: SINGLE (Flyball, 8LS) Holden Davis to third Júlio Serra to second
|
Batting: RHB Brian Stewart
|
0-0: Called Strike 0-1: Ball 1-1: Foul Ball, location: 2F 1-2: Strikes out swinging
|
Batting: SHB Conan Hanson
|
0-0: Called Strike 0-1: Fielders Choice at 2nd, 4-6 (Groundball, 4D) Holden Davis scores Júlio Serra to third
|
Batting: LHB Tony O'Bryan
|
0-0: Foul Ball, location: 2F 0-1: Swinging Strike 0-2: Strikes out swinging
|
Bottom of the 1st over - 2 runs, 4 hits, 0 errors, 2 left on base; Butler 0 - Intercourse 2 |
TOP OF THE 2ND |
Butler White Sox batting - Pitching for Intercourse Amish : RHP Duane Deal
|
Batting: RHB Steve Clifton
|
0-0: Ball 1-0: Ball 2-0: Foul Ball, location: 2F 2-1: Fly out, F7 (Line Drive, 78D)
|
Batting: LHB Josh Pérez
|
0-0: Foul Ball, location: 2F 0-1: Called Strike 0-2: SINGLE (Line Drive, 4MD)
|
Batting: SHB Giel Molendijk
|
0-0: Ball 1-0: Called Strike 1-1: Foul Ball, location: 2F 1-2: Ball 2-2: Foul Ball, location: 2F 2-2: Foul Ball, location: 2F 2-2: Foul Ball, location: 2F 2-2: Foul Ball, location: 2F 2-2: Strikes out swinging
|
Batting: RHB Ángel Serrano
|
0-0: Foul Ball, location: 2F 0-1: Ball Josh Pérez steals 2nd base 1-1: Ground out 6-3 (Groundball, 6)
|
Top of the 2nd over - 0 runs, 1 hit, 0 errors, 1 left on base; Butler 0 - Intercourse 2 |
BOTTOM OF THE 2ND |
Intercourse Amish batting - Pitching for Butler White Sox : RHP Scott King
|
Batting: RHB Juan Ortega
|
0-0: Called Strike 0-1: Called Strike 0-2: Strikes out swinging
|
Batting: RHB Curt Wagner
|
0-0: Foul Ball, location: 2F 0-1: Swinging Strike 0-2: Foul Ball, location: 2F 0-2: Ball 1-2: Ball 2-2: Strikes out swinging
|
Batting: LHB Carlos De La Rosa
|
0-0: Swinging Strike 0-1: Swinging Strike 0-2: Ball 1-2: Foul Ball, location: 2F 1-2: Ball 2-2: Ball 3-2: Strikes out swinging
|
Bottom of the 2nd over - 0 runs, 0 hits, 0 errors, 0 left on base; Butler 0 - Intercourse 2 |
TOP OF THE 3RD |
Butler White Sox batting - Pitching for Intercourse Amish : RHP Duane Deal
|
Batting: RHB Jerry Moore
|
0-0: Ball 1-0: Ball 2-0: Swinging Strike 2-1: Swinging Strike 2-2: Ball 3-2: Foul Ball, location: 2F 3-2: Foul Ball, location: 2F 3-2: Base on Balls
|
Batting: LHB Denny Allen
|
0-0: Called Strike 0-1: Called Strike 0-2: Ball 1-2: DOUBLE (Flyball, 89D) Jerry Moore to third
|
Batting: RHB Luis Fuentes
|
0-0: Called Strike 0-1: Ground out 5-3 (Groundball, 56) Jerry Moore scores
|
Batting: LHB Sam Haynes
|
0-0: Ground out 6-3 (Groundball, 6)
|
Batting: SHB Ben Marks
|
0-0: Ball 1-0: Ball 2-0: Called Strike 2-1: SINGLE (Line Drive, 9S) Denny Allen to third Runner from 3rd tries for Home, SAFE, throw made home
|
Batting: RHB Steve Clifton
|
0-0: Fly out, F9 (Flyball, 9S)
|
Top of the 3rd over - 2 runs, 2 hits, 0 errors, 1 left on base; Butler 2 - Intercourse 2 |
BOTTOM OF THE 3RD |
Intercourse Amish batting - Pitching for Butler White Sox : RHP Scott King
|
Batting: RHB Holden Davis
|
0-0: Ball 1-0: Ball 2-0: SINGLE (Flyball, 78S)
|
Batting: RHB Júlio Serra
|
0-0: Ball 1-0: Foul Ball, location: 2F 1-1: Ball 2-1: Ball 3-1: Swinging Strike 3-2: SINGLE (Line Drive, 4D) Holden Davis to second
|
Batting: LHB Bruce Foster
|
0-0: Ball 1-0: Foul Ball, location: 2F 1-1: Foul Ball, location: 2F 1-2: Fly out, F7 (Flyball, 78M)
|
Batting: RHB Brian Stewart
|
0-0: Ball 1-0: Called Strike 1-1: Swinging Strike 1-2: Fly out, F8 (Flyball, 8RM)
|
Batting: SHB Conan Hanson
|
0-0: Swinging Strike 0-1: Called Strike 0-2: Ball 1-2: Foul Ball, location: 2F 1-2: Ball 2-2: 3-RUN HOME RUN (Flyball, 9LD), Distance : 357 ft
|
Batting: LHB Tony O'Bryan
|
0-0: Ball 1-0: Called Strike 1-1: Ball 2-1: Ball 3-1: Foul Ball, location: 2F 3-2: Foul Ball, location: 2F 3-2: Strikes out swinging
|
Bottom of the 3rd over - 3 runs, 3 hits, 0 errors, 0 left on base; Butler 2 - Intercourse 5 |
TOP OF THE 4TH |
Butler White Sox batting - Pitching for Intercourse Amish : RHP Duane Deal
|
Batting: LHB Josh Pérez
|
0-0: Ball 1-0: Called Strike 1-1: Foul Ball, location: 2F 1-2: Ball 2-2: Strikes out swinging
|
Batting: SHB Giel Molendijk
|
0-0: Foul Ball, location: 2F 0-1: Ball 1-1: Foul Ball, location: 2F 1-2: Ball 2-2: Foul Ball, location: 2F 2-2: Foul Ball, location: 2F 2-2: Strikes out swinging
|
Batting: RHB Ángel Serrano
|
0-0: Foul Ball, location: 2F 0-1: Fly out, F8 (Flyball, 8LM)
|
Top of the 4th over - 0 runs, 0 hits, 0 errors, 0 left on base; Butler 2 - Intercourse 5 |
BOTTOM OF THE 4TH |
Intercourse Amish batting - Pitching for Butler White Sox : RHP Scott King
|
Batting: RHB Juan Ortega
|
0-0: Called Strike 0-1: Ball 1-1: Ground out 5-3 (Groundball, 56)
|
Batting: RHB Curt Wagner
|
0-0: Swinging Strike 0-1: Ball 1-1: Called Strike 1-2: Fly out, F9 (Flyball, 89D)
|
Batting: LHB Carlos De La Rosa
|
0-0: Called Strike 0-1: Ball 1-1: Swinging Strike 1-2: Foul Ball, location: 2F 1-2: Ball 2-2: Strikes out swinging
|
Bottom of the 4th over - 0 runs, 0 hits, 0 errors, 0 left on base; Butler 2 - Intercourse 5 |
TOP OF THE 5TH |
Butler White Sox batting - Pitching for Intercourse Amish : RHP Duane Deal
|
Batting: RHB Jerry Moore
|
0-0: Fly out, F5 (Line Drive, 56)
|
Batting: LHB Denny Allen
|
0-0: Called Strike 0-1: Swinging Strike 0-2: Strikes out looking
|
Batting: RHB Luis Fuentes
|
0-0: Called Strike 0-1: Called Strike 0-2: Ball 1-2: Strikes out swinging
|
Top of the 5th over - 0 runs, 0 hits, 0 errors, 0 left on base; Butler 2 - Intercourse 5 |
BOTTOM OF THE 5TH |
Intercourse Amish batting - Pitching for Butler White Sox : RHP Scott King
|
Pitching: RHP Armando Rodríguez
|
|
Batting: RHB Holden Davis
|
0-0: Ball 1-0: Called Strike 1-1: Fly out, F7 (Line Drive, 78S)
|
Batting: RHB Júlio Serra
|
0-0: Fly out, F3 (Popup, 3L)
|
Batting: LHB Bruce Foster
|
0-0: Ball 1-0: Swinging Strike 1-1: Ball 2-1: Ball 3-1: Base on Balls
|
Batting: RHB Brian Stewart
|
0-0: Ball 1-0: Ball 2-0: Ball 3-0: Swinging Strike 3-1: Called Strike 3-2: DOUBLE (Flyball, 8RXD) Bruce Foster to third Bruce Foster scores
|
Batting: SHB Conan Hanson
|
0-0: Ball 1-0: Called Strike 1-1: Called Strike 1-2: Ball 2-2: Strikes out looking
|
Bottom of the 5th over - 1 run, 1 hit, 0 errors, 1 left on base; Butler 2 - Intercourse 6 |
TOP OF THE 6TH |
Butler White Sox batting - Pitching for Intercourse Amish : RHP Duane Deal
|
Batting: LHB Sam Haynes
|
0-0: Hit by Pitch
|
Batting: SHB Ben Marks
|
0-0: Ball 1-0: Called Strike 1-1: Called Strike 1-2: Strikes out swinging
|
Batting: RHB Steve Clifton
|
0-0: Ball 1-0: Foul Ball, location: 2F 1-1: Called Strike 1-2: Ball 2-2: Ball 3-2: Base on Balls Sam Haynes to second
|
Batting: LHB Josh Pérez
|
0-0: Ball 1-0: Ball 2-0: Fielders Choice at 2nd, 1-6 (Groundball, P) Sam Haynes to third
|
Batting: SHB Giel Molendijk
|
0-0: Foul Ball, location: 2F 0-1: Ball 1-1: Foul Ball, location: 2F 1-2: Strikes out looking
|
Top of the 6th over - 0 runs, 0 hits, 0 errors, 2 left on base; Butler 2 - Intercourse 6 |
BOTTOM OF THE 6TH |
Intercourse Amish batting - Pitching for Butler White Sox : RHP Armando Rodríguez
|
Batting: LHB Tony O'Bryan
|
0-0: Ball 1-0: Ball 2-0: Swinging Strike 2-1: Ball 3-1: Base on Balls
|
Batting: RHB Juan Ortega
|
0-0: Called Strike 0-1: Ball 1-1: Ball 2-1: Ground out 3-1 (Groundball, 3) Tony O'Bryan to second
|
Batting: RHB Curt Wagner
|
0-0: Ball 1-0: Called Strike 1-1: Foul Ball, location: 2F 1-2: Ball 2-2: Strikes out swinging
|
Batting: LHB Carlos De La Rosa
|
0-0: Called Strike 0-1: Swinging Strike 0-2: Ball 1-2: Foul Ball, location: 2F 1-2: Foul Ball, location: 2F 1-2: Ground out 4-3 (Groundball, 4)
|
Bottom of the 6th over - 0 runs, 0 hits, 0 errors, 1 left on base; Butler 2 - Intercourse 6 |
TOP OF THE 7TH |
Butler White Sox batting - Pitching for Intercourse Amish : RHP Duane Deal
|
Pitching: RHP Jonathan Anderson
|
|
Batting: RHB Ángel Serrano
|
0-0: Ground out 1-3 (Groundball, 15)
|
Batting: RHB Jerry Moore
|
0-0: Called Strike 0-1: Ball 1-1: Ground out U3 (Groundball, 34)
|
Batting: LHB Denny Allen
|
0-0: Called Strike 0-1: Fly out, F7 (Flyball, 7S)
|
Top of the 7th over - 0 runs, 0 hits, 0 errors, 0 left on base; Butler 2 - Intercourse 6 |
BOTTOM OF THE 7TH |
Intercourse Amish batting - Pitching for Butler White Sox : RHP Armando Rodríguez
|
Batting: RHB Holden Davis
|
0-0: Ground out 4-3 (Groundball, 4)
|
Batting: RHB Júlio Serra
|
0-0: Ball 1-0: Ball 2-0: Ground out 6-3 (Groundball, 6)
|
Batting: LHB Bruce Foster
|
0-0: Ball 1-0: Swinging Strike 1-1: Ball 2-1: Ball 3-1: Called Strike 3-2: Base on Balls
|
Batting: RHB Brian Stewart
|
0-0: Called Strike 0-1: Ball Bruce Foster steals 2nd base 1-1: Ball 2-1: Foul Ball, location: 2F 2-2: Foul Ball, location: 2F 2-2: Ground out 4-3 (Groundball, 4)
|
Bottom of the 7th over - 0 runs, 0 hits, 0 errors, 1 left on base; Butler 2 - Intercourse 6 |
TOP OF THE 8TH |
Butler White Sox batting - Pitching for Intercourse Amish : RHP Jonathan Anderson
|
Batting: RHB Luis Fuentes
|
0-0: Ball 1-0: Ball 2-0: Fly out, F9 (Line Drive, 9D)
|
Batting: LHB Sam Haynes
|
0-0: Ball 1-0: Ground out 5-3 (Groundball, 5)
|
Batting: SHB Ben Marks
|
0-0: Ball 1-0: Ball 2-0: Ball 3-0: Called Strike 3-1: Called Strike 3-2: Strikes out swinging
|
Top of the 8th over - 0 runs, 0 hits, 0 errors, 0 left on base; Butler 2 - Intercourse 6 |
BOTTOM OF THE 8TH |
Intercourse Amish batting - Pitching for Butler White Sox : RHP Armando Rodríguez
|
Batting: SHB Conan Hanson
|
0-0: Ball 1-0: Ball 2-0: Ball 3-0: Base on Balls
|
Batting: LHB Tony O'Bryan
|
0-0: Bunted foul Pickoff Throw to First - Error! E1 Conan Hanson to second 0-1: Sac Bunt - play at first, batter OUT! 1-4 Conan Hanson to third
|
Batting: RHB Juan Ortega
|
0-0: Intentional Walk
|
Pitching: RHP Dan Bailey
|
|
Batting: RHB Curt Wagner
|
0-0: Ball 1-0: Foul Ball, location: 2F 1-1: Fielders Choice at 2nd, 4-6 (Groundball, 34) Conan Hanson scores
|
Batting: LHB Carlos De La Rosa
|
0-0: Ball 1-0: Ball 2-0: Fly out, F5 (Popup, 5S)
|
Bottom of the 8th over - 1 run, 0 hits, 1 error, 1 left on base; Butler 2 - Intercourse 7 |
TOP OF THE 9TH |
Butler White Sox batting - Pitching for Intercourse Amish : RHP Jonathan Anderson
|
Now at C: Roberto Solís
|
|
Batting: RHB Steve Clifton
|
0-0: Called Strike 0-1: Foul Ball, location: 2F 0-2: Ball 1-2: Ball 2-2: Fly out, F8 (Flyball, 8LM)
|
Batting: LHB Josh Pérez
|
0-0: Foul Ball, location: 2F 0-1: Called Strike 0-2: Strikes out looking
|
Batting: SHB Giel Molendijk
|
0-0: Ground out 6-3 (Groundball, 6M)
|
Top of the 9th over - 0 runs, 0 hits, 0 errors, 0 left on base; Butler 2 - Intercourse 7 |
|